 Dungeon Crawl Stone Soup version 0.20.1-1-g8b1a95d (webtiles) character file.

19 Vourdeox the Skirmisher (level 2, -1/24 HPs)
             Began as a Demonspawn Abyssal Knight on Nov 28, 2017.
             Was a Follower of Lugonu.
             Slain by Grinder (4 damage)
             ... on level 4 of the Dungeon.
             The game lasted 00:06:32 (605 turns).

Vourdeox the Skirmisher (Demonspawn Abyssal Knight)  Turns: 605, Time: 00:06:34

Health: -1/24      AC:  6    Str: 12    XL:     2   Next: 55%
Magic:  3/3        EV: 11    Int: 13    God:    Lugonu [*.....]
Gold:   83         SH:  0    Dex: 12    Spells: 1/1 levels left

rFire    . . .     SeeInvis .   a - +1 falchion
rCold    . . .     Gourm    .   (no shield)
rNeg     . . .     Faith    .   b - +0 leather armour
rPois    .         Spirit   .   (no helmet)
rElec    .         Reflect  .   (no cloak)
rCorr    .         Harm     .   l - +0 pair of gloves
MR       .....                  (no boots)
Stlth    +.........             (no amulet)
Regen    0.1/turn               (no ring)
MPRegen  0.1/turn               (no ring)

@: no status effects
A: iridescent scales 1
a: Depart the Abyss, Renounce Religion


You were on level 4 of the Dungeon.
You worshipped Lugonu.
Lugonu was aware of your devotion.
You were not hungry.

You visited 1 branch of the dungeon, and saw 4 of its levels.
You visited the Abyss 1 time.

You collected 83 gold pieces.

Inventory:

Hand Weapons
 a - a +1 falchion (weapon)
 g - a +0 quarterstaff
 m - a +0 whip
 o - a +0 long sword
Missiles
 n - 18 sling bullets
Armour
 b - a +0 leather armour (worn)
 e - a +0 leather armour
 i - a +0 leather armour
 l - a +0 pair of gloves (worn)
Magical Staves
 p - an uncursed staff of cold {unknown}
Scrolls
 j - 2 scrolls of identify {unknown}
Potions
 d - a potion of flight
 q - a potion of curing {unknown}
Comestibles
 c - a bread ration
 f - a meat ration
 h - 2 fruits
 k - 2 chunks of flesh


   Skills:
 + Level 3.6 Fighting
 + Level 1.9 Long Blades
 + Level 1.9 Armour
 + Level 1.0 Dodging
 + Level 2.5 Invocations


You had one spell level left.
You didn't know any spells.

Dungeon Overview and Level Annotations

Branches:
Dungeon (4/15)
 Temple: D:4-7

Altars:

Annotations:
D:4 Grinder


Innate Abilities, Weirdness & Mutations

You are partially covered in iridescent scales. (AC +2)


Message History

Grinder closely misses you.
You riposte.
You hit Grinder but do no damage.
Grinder is moderately wounded.
You closely miss Grinder.
Grinder is moderately wounded.
Grinder blinks!
Grinder gestures at you.
You suddenly lose the ability to move!
Grinder blinks!
You can move again.
Grinder gestures at you.
You shrug off the repeated paralysis!
You closely miss Grinder.
Grinder is moderately wounded.
Grinder hits you!
You writhe in agony.
You hit Grinder.
Grinder is moderately wounded.
Grinder hits you!
* * * LOW HITPOINT WARNING * * *
You writhe in agony.
You die...

.....
.....###+####
.....<......####.
................
#..†......... ..
#....<.......
....##'#####.....
............#
....
.##..##...@5# +#
#. #.....# #
#.....# ........#
..........+
#..##.....## #..
####### #.


You could see Grinder.

Vanquished Creatures
  2 giant cockroaches
  5 goblins
  2 hobgoblins (D:1)
  A kobold (D:3)
  A ball python (D:2)
  3 bats (D:1)
  3 rats
  A plant (D:1)
18 creatures vanquished.

Notes
Turn   | Place    | Note
-------+----------+-------------------------------------------
     0 | Abyss:1  | Vourdeox the Demonspawn Abyssal Knight began the quest for the Orb.
     0 | Abyss:1  | Reached XP level 1. HP: 18/18 MP: 2/2
   129 | Abyss:3  | Found a corrupted altar of Lugonu.
   138 | Abyss:3  | Noticed a small abomination
   143 | Abyss:3  | Noticed a chaos spawn
   148 | Abyss:3  | Noticed a fire bat
   151 | D:1      | Escaped the Abyss
   236 | D:1      | Reached * piety under Lugonu
   238 | D:1      | Gained mutation: You are partially covered in iridescent scales. (AC +2) [demonic ancestry]
   238 | D:1      | Reached XP level 2. HP: 3/24 MP: 3/3
   553 | D:3      | Reached skill level 1 in Dodging
   569 | D:4      | Noticed Grinder
   590 | D:4      | Paralysed by Grinder for 6 turns
   600 | D:4      | Paralysed by Grinder for 3 turns
   605 | D:4      | Slain by Grinder

Skill      XL: |  1  2 |
---------------+-------+-----
Dodging        | 1 |  1.0
Fighting       | |  3.6
Long Blades    | |  1.9
Armour         | |  1.9
Invocations    | |  2.5

Action                   || total
-------------------------++-------
Melee: Falchion          ||    76
Invok: Depart the Abyss  ||     1
  Use: Potion            ||     2
  Eat: Fruit             ||     1
Armor: Skin              ||     8
       Leather armour    ||    11
Dodge: Dodged            ||    32
       Rpst.: Falchion   ||    15
